 Dungeon Crawl Stone Soup version 0.27-a0-1232-gc6a4cbde82 (webtiles) character file.

Game seed: 10672128853284612829

16 freelancePsychic the Shooter (level 2, -2/22 HPs)
             Began as a Human Hunter on June 8, 2021.
             Slain by a kobold
             ... wielding a +0 dagger
              (3 damage)
             ... on level 2 of the Dungeon.
             The game lasted 00:00:37 (151 turns).

freelancePsychic the Shooter (Human Hunter)          Turns: 151, Time: 00:00:38

Health: -2/22      AC:  3    Str: 12    XL:     2   Next: 75%
Magic:  2/2        EV: 11    Int: 11    God:
Gold:   26         SH:  0    Dex: 13    Spells: 1/1 levels left

rFire    . . .     SeeInvis .   a - +1 shortbow
rCold    . . .     Faith    .   (shield currently unavailable)
rNeg     . . .     Spirit   .   c - +0 leather armour
rPois    .         Reflect  .   (no helmet)
rElec    .         Harm     .   (no cloak)
rCorr    .         Rampage  .   (no gloves)
Will     .....                  (no boots)
Stlth    +.........             (no amulet)
HPRegen  0.07/turn              (no ring)
MPRegen  0.08/turn              (no ring)

@: no status effects
A: no striking features
a: no special abilities


You were on level 2 of the Dungeon.
You visited 1 branch of the dungeon, and saw 2 of its levels.

You collected 26 gold pieces.

Inventory:

Hand Weapons
 a - a +1 shortbow (weapon)
 b - a +0 short sword
Missiles
 d - 3 arrows (quivered ammo)
Armour
 c - a +0 leather armour (worn)
Scrolls
 e - 3 scrolls of amnesia {unknown}
Potions
 f - a potion of flight {unknown}


   Skills:
 - Level 2.0 Fighting
 + Level 4.6 Bows
 - Level 2.0 Dodging
 - Level 1.0 Stealth


You had one spell level left.
You didn't know any spells.
Your spell library was empty.

Dungeon Overview and Level Annotations

Branches:
Dungeon (1/15)

Altars:


Message History

You shoot an arrow. The arrow hits the adder.
The adder is severely wounded.
The adder barely misses you. The adder misses you.
Fire: 9 arrows
Press: ? - help, Q - select action Shift-Dir - straight line, f/p - adder
Aim: an adder (severely wounded, 44% to hit)
You shoot an arrow. The arrow misses the adder.
The arrow closely misses the kobold.
The adder bites you but does no damage.
Fire: 8 arrows
Press: ? - help, Q - select action Shift-Dir - straight line, f/p - adder
Aim: an adder (severely wounded, 44% to hit)
You shoot an arrow. The arrow hits the adder.
You kill the adder!
Fire: 7 arrows
Press: ? - help, Q - select action Shift-Dir - straight line, f - kobold
Aim: a kobold, wielding a +0 dagger and quivering stones (55% to hit)
You shoot an arrow.
The arrow hits the kobold but does no damage.
The kobold hits you with a +0 dagger.
* * * LOW HITPOINT WARNING * * *
The kobold hits you with a +0 dagger.
* * * LOW HITPOINT WARNING * * *
Fire: 6 arrows
Press: ? - help, Q - select action Shift-Dir - straight line, f/p - kobold
Aim: a kobold, wielding a +0 dagger and quivering stones (55% to hit)
You shoot an arrow. The arrow closely misses the kobold.
The kobold hits you but does no damage.
Fire: 5 arrows
Press: ? - help, Q - select action Shift-Dir - straight line, f/p - kobold
Aim: a kobold, wielding a +0 dagger and quivering stones (55% to hit)
You shoot an arrow. The arrow barely misses the kobold.
The kobold hits you with a +0 dagger.
* * * LOW HITPOINT WARNING * * *
Fire: 4 arrows
Press: ? - help, Q - select action Shift-Dir - straight line, f/p - kobold
Aim: a kobold, wielding a +0 dagger and quivering stones (55% to hit)
You shoot an arrow. The arrow misses the kobold.
The kobold hits you with a +0 dagger.
You die...

## #...###...# #.
#........# #.
#>.......# #.
#........# # #.
#........#
#.#.#####.#........#
#....(((..#....<...#
...####.######........#
....(.....K@....#######
...####.######### #.#
#.# #.# #.# ..# ###


You could see a kobold.

Vanquished Creatures
  An adder (D:2)
  A ball python (D:1)
  2 endoplasms (D:1)
  A giant cockroach (D:2)
  A kobold (D:1)
  A bat (D:1)
7 creatures vanquished.

Notes
Turn   | Place    | Note
-------+----------+-------------------------------------------
     0 | D:1      | freelancePsychic the Human Hunter began the quest for the
                  | Orb.
     0 | D:1      | Reached XP level 1. HP: 16/16 MP: 1/1
   104 | D:1      | Reached XP level 2. HP: 22/22 MP: 2/2
   116 | D:1      | You fall into a shaft and drop 1 floor!
   150 | D:2      | HP: 1/22 [kobold/+0 dagger (2)]
   151 | D:2      | Slain by a kobold

Illustrated notes

Levels and vault maps discovered:
D:1:      dpeg_arrival_shelter, layout_rooms,
          shapermc_ecumenical_altar_mp_ritualfount, serial_curves,
          eino_curves_02, eino_curves_02, minivault_19, minmay_tetromino_i4
D:2:      layout_basic, basic_altar

Action                   || total
-------------------------++-------
 Fire: Shortbow          ||    26
Armor: Leather armour    ||     6
Dodge: Dodged            ||     7

Table legend: (Time is in decaauts)
 A = Elapsed time spent in this place.
 B = Non-inter-level travel time spent in this place.
 C = Inter-level travel time spent in this place.
 D = Time resting spent in this place.
 E = Time spent auto-exploring this place.
 F = Levels seen in this place.
 G = Mean time per level.
                   A        B        C        D        E       F      G
               +--------+--------+--------+--------+--------+-----+--------+
         Total |    153 |    153 |      0 |      0 |    103 |   2 |   76.5 |
       Dungeon |    153 |    153 |      0 |      0 |    103 |   2 |   76.5 |
               +--------+--------+--------+--------+--------+-----+--------+

Top non-repeatable levels by time:
     D:1: 117 daAuts
     D:2: 36 daAuts
